 Dungeon Crawl Stone Soup version 0.14.2 (webtiles) character file.

1041 Amnesiac the Sneak (level 7, -1/33 HPs)
             Began as a Spriggan Artificer on Feb 9, 2018.
             Killed from afar by an orc wizard (12 damage)
             ... with a puff of flame
             ... on Level 6 of the Dungeon.
             The game lasted 00:06:54 (3371 turns).

Amnesiac the Sneak (Spriggan Artificer)             Turns: 3371, Time: 00:06:54

HP  -1/33        AC  4     Str  8      XL: 7   Next: 58%
MP  18/18        EV 19     Int 14      God:
Gold 247         SH  0     Dex 17      Spells:  0 memorised,  6 levels left

rFire  . . .     SeeInvis +     j - +1 dagger (venom)
rCold  . . .     Clarity  .     r - +2 robe {rN+}
rNeg   + . .     Conserve .     (shield restricted)
rPois  .         rCorr    .     (helmet restricted)
rElec  .         rRot     .     (no cloak)
SustAb . .       Spirit   .     (gloves unavailable)
rMut   .         Warding  .     (boots unavailable)
Saprov . . .     Stasis   .     (no amulet)
MR     +....                    (no ring)
                                (no ring)

@: very quick, somewhat resistant to hostile enchantments, very stealthy
A: unfitting armour, see invisible, herbivore 3, speed 3, slow metabolism 2
a: no special abilities


You were on level 6 of the Dungeon.
You were full.

You visited 1 branch of the dungeon, and saw 6 of its levels.

You collected 247 gold pieces.

Inventory:

Hand weapons
 j - a +1,+1 dagger of venom (weapon)
 q - a +2,+2 anti-magic dagger
 s - a +2,+1 cutlass of electrocution
Missiles
 l - 9 darts (quivered)
 y - 11 poisoned needles
Armour
 r - a +2 robe of positive energy (worn)
Magical devices
 b - a wand of flame (7)
 c - a wand of enslavement (14)
 d - a wand of random effects (4)
Comestibles
 n - a lychee
Scrolls
 a - 5 scrolls of teleportation {!r}
 h - 4 scrolls of identify {!r}
 k - 2 scrolls of immolation {!r, unknown}
 m - a scroll of remove curse {!r}
 o - 3 scrolls of enchant armour {!r}
 u - a scroll of random uselessness {!r, unknown}
 w - a scroll of noise {!r, unknown}
 x - a scroll of fear {!r, unknown}
 z - a scroll of enchant weapon I {!r, unknown}
Jewellery
 t - an uncursed ring of ice
Potions
 e - a potion of invisibility {!q, unknown}
 f - a potion of mutation {!q, unknown}
 g - a potion of paralysis {!q, unknown}
 i - a potion of restore abilities {!q, unknown}
 p - a potion of might {!q}
 v - a potion of curing {!q, unknown}


   Skills:
 - Level 1.0 Fighting
 + Level 7.1 Short Blades
 - Level 3.8 Dodging
 - Level 7.5 Stealth
 - Level 4.7 Evocations


You had 6 spell levels left.
You didn't know any spells.

Dungeon Overview and Level Annotations

Branches:
Dungeon (6/15)             Temple (0/1) D:6

Altars:
Kikubaaqudgha


Innate Abilities, Weirdness & Mutations

You are tiny and cannot use many weapons and most armour.
You have supernaturally acute eyesight.
You are a herbivore.
You cover ground extremely quickly.
You need consume almost no food.


Message History

There are monsters nearby!
Evoke which item? (* to show all) (? for menu, Esc to quit)
Zapping:
d - a wand of random effects (10)
Press: ? - help, Shift-Dir - straight line, f/p - orc priest
Aim: an orc priest, wielding a glowing whip and wearing a chain mail The orc priest seems to slow down.
This wand has 9 charges left.
The orc wizard mumbles some strange words.
The orc wizard seems to speed up.
The orc priest calls down the wrath of Beogh upon you.
Something smites you!
There are monsters nearby!
There are monsters nearby!
There are monsters nearby!
There are monsters nearby!
There are monsters nearby!
There are monsters nearby!
Evoke which item? (* to show all) (? for menu, Esc to quit)
Zapping:
d - a wand of random effects (9)
Press: ? - help, Shift-Dir - straight line, f/p - orc priest
Aim: an orc priest, wielding a glowing whip and wearing a chain mail (moving slowly)
The bolt of cold hits the orc priest.
The orc priest is almost dead.
This wand has 8 charges left.
You see here a long sword.
Evoke which item? (* to show all) (? for menu, Esc to quit)
Zapping:
d - a wand of random effects (8)
Press: ? - help, Shift-Dir - straight line, f - orc wizard
Aim: an orc wizard, wielding a dagger and wearing a robe (moving very quickly)
The orc wizard struggles to resist.
This wand has 7 charges left.
The orc wizard jeers loudly.
Evoke which item? (* to show all) (? for menu, Esc to quit)
Zapping:
d - a wand of random effects (7)
Press: ? - help, Shift-Dir - straight line, f/p - orc wizard
Aim: an orc wizard, wielding a dagger and wearing a robe (moving very quickly)
You hear a mighty clap of thunder!
The bolt of lightning misses the orc wizard.
The bolt of lightning hits the orc.
You kill the orc!
This wand has 6 charges left.
The orc wizard gestures at you while chanting.
The puff of flame hits you!
* * * LOW HITPOINT WARNING * * *
Evoke which item? (* to show all) (? for menu, Esc to quit)
Zapping:
d - a wand of random effects (6)
Press: ? - help, Shift-Dir - straight line, f/p - orc wizard
Aim: an orc wizard, wielding a dagger and wearing a robe (moving very quickly)
You hear a mighty clap of thunder!
The bolt of lightning hits the orc wizard.
The orc wizard is heavily wounded.
This wand has 5 charges left.
The orc wizard casts a spell at you. The puff of flame misses you.
Evoke which item? (* to show all) (? for menu, Esc to quit)
Zapping:
d - a wand of random effects (5)
Press: ? - help, Shift-Dir - straight line, f/p - orc wizard
Aim: an orc wizard, wielding a dagger and wearing a robe (heavily wounded, moving very quickly)
The puff of frost misses the orc wizard.
This wand has 4 charges left.
The orc wizard gestures at you while chanting.
The puff of flame misses you.
The orc wizard gestures at you while chanting.
The puff of flame hits you!
One of your 5 scrolls of identify {!r} catches fire!
You die...

.........# .........# .........#
.........# .........# ......(..#
......(..#
.........########################
.....)..........@....o..)........
.........############.#..#..#..#.
.........# #.#..........
.........# #.....)......
########## #.#.......... #
#.#..#..#..#. #............
#############


You could see an orc wizard.

Vanquished Creatures
  Prince Ribbit (D:5)
  Menkaure (D:4)
  An ogre (D:5)
  Duvessa (D:4)
  A jelly (D:5)
  Dowan (D:4)
  A giant frog zombie (D:6)
  An iguana (D:4)
  An orc wizard (D:5)
  3 worker ants (D:5)
  2 adders
  2 worms
  A giant eyeball (D:5)
  2 oozes
  8 orcs
  3 bats
  A bat skeleton (D:5)
  2 giant cockroaches (D:1)
  2 hobgoblins (D:5)
  3 jackals (D:3)
  A quokka (D:4)
  A giant gecko (D:5)
  2 giant newts (D:4)
  6 goblins
  11 kobolds
  4 rats
  2 rat skeletons
65 creatures vanquished.

Vanquished Creatures (collateral kills)
  A green rat (D:6)
  An adder (D:6)
2 creatures vanquished.

Grand Total: 67 creatures vanquished

Notes
Turn   | Place    | Note
--------------------------------------------------------------
     0 | D:1      | Amnesiac, the Spriggan Artificer, began the quest for the Orb.
     0 | D:1      | Reached XP level 1. HP: 9/9 MP: 2/2
    42 | D:1      | Reached skill level 1 in Fighting
   407 | D:1      | Reached XP level 2. HP: 12/14 MP: 5/5
  1144 | D:3      | Reached XP level 3. HP: 18/18 MP: 8/8
  1415 | D:4      | Noticed Menkaure
  1431 | D:4      | Killed Menkaure
  1431 | D:4      | Reached skill level 6 in Stealth
  1431 | D:4      | Reached XP level 4. HP: 22/22 MP: 11/11
  1431 | D:4      | Reached XP level 5. HP: 25/25 MP: 13/13
  1567 | D:4      | Noticed Dowan
  1632 | D:4      | Noticed Duvessa
  1643 | D:4      | Killed Dowan
  1643 | D:4      | Reached skill level 7 in Stealth
  1795 | D:4      | Killed Duvessa
  1795 | D:4      | Reached XP level 6. HP: 6/30 MP: 16/16
  1805 | D:4      | Found an ancient bone altar of Kikubaaqudgha.
  2293 | D:5      | Entered Level 5 of the Dungeon
  2311 | D:5      | Noticed Prince Ribbit
  2482 | D:5      | Killed Prince Ribbit
  2482 | D:5      | Reached skill level 5 in Short Blades
  2482 | D:5      | Reached XP level 7. HP: 33/33 MP: 18/18
  3352 | D:6      | Found a staircase to the Ecumenical Temple.
  3371 | D:6      | Killed from afar by an orc wizard

Action                   |  1- 3 |  4- 6 |  7- 9 || total
-------------------------+-------+-------+-------++-------
Melee: Short sword       |    77 |       |       ||    77
       Dagger            |    32 |    65 |    70 ||   167
Evoke: Wand              |     3 |     2 |    15 ||    20
  Use: Scroll            |       |     5 |       ||     5
       Potion            |       |       |     1 ||     1
 Stab: Sleeping          |     2 |     5 |     6 ||    13
       Distracted        |       |       |     1 ||     1
